Map: Cerulean Fall LE

Players

Digis

  • Race: Protoss Protoss
  • League: Diamond
  • Spawn Location: 1:00

MrFrozen - Winner!

  • Race: Terran Terran
  • League: Diamond
  • Spawn Location: 7:00

VOD

Have the link to the VOD?

Description

Time

  • Played on: Dec. 8, 2018, 6:54 p.m.
  • Length: 18:25
Show
View Real Time Build Order
Export as new Build Order

Digis Protoss 

Build Orders: 1 Gate Expand, Double Forge, Colossus Rush 

Get SALT Encoding   

  12  0:00  Probe  
  13  0:13  Probe  
  14  0:18  Pylon  
  14  0:24  Probe  
  15  0:32  Probe  
  15  0:39  Gateway  
  15  0:40  Probe  
  16  0:47  Assimilator  
  17  0:51  Probe  
  18  1:03  Probe  
  19  1:15  Probe  
  20  1:25  Nexus  
  20  1:35  Cybernetics Core  
  20  1:37  Probe  
  21  1:43  Assimilator  
  21  1:50  Probe  
  22  1:54  Pylon  
  22  2:02  Probe  
  22  2:03  Adept  
  23  2:13  Warp Gate  
  23  2:14  Probe  
  26  2:26  Probe  
  26  2:29  Stalker  
  27  2:34  Probe  
  29  2:39  Probe  
  29  2:42  Probe  
  31  2:47  Robotics Facility  
  32  2:51  Probe x2  
  34  2:59  Stalker  
  34  3:03  Probe x2  
  38  3:17  Gateway  
  38  3:20  Gateway  
  38  3:27  Observer  
  38  3:28  Probe x2  
  40  3:39  Pylon  
  40  3:40  Probe x2  
  43  3:41  Stalker  
  43  3:43  Pylon  
  43  3:46  Observer  
  46  3:57  Probe x2  
  46  4:00  Pylon  
  48  4:05  Pylon  
  48  4:07  Observer  
  50  4:11  Twilight Council  
  49  4:22  Blink  
  49  4:26  Nexus  
  49  4:27  Pylon  
  49  4:29  Probe x2  
  51  4:43  Robotics Bay, Observer  
  51  4:52  Forge, Probe x2  
  53  4:54  Forge  
  53  4:55  Assimilator  
  53  4:57  Assimilator, Pylon  
  53  5:05  Probe  
  53  5:06  Probe  
  55  5:17  Pylon  
  55  5:20  Colossus  
  55  5:24  Gateway  
  55  5:25  Gateway  
  55  5:27  Gateway  
  55  5:30  Protoss Ground Weapons Level 1  
  55  5:31  Protoss Ground Armor Level 1  
  55  5:35  Probe x2  
  63  5:39  Probe  
  63  5:40  Observer  
  64  5:50  Probe x2  
  64  5:53  Stalker x2  
  70  5:57  Stalker  
  72  6:13  Colossus  
  78  6:24  Pylon  
  78  6:27  Stalker x3  
  84  6:34  Stalker x2  
  84  6:35  Pylon  
  84  6:36  Zealot  
  90  7:02  Zealot x3  
  89  7:21  Colossus  
  89  7:22  Extended Thermal Lance  
  95  7:31  Pylon  
  95  7:35  Charge, Pylon  
  95  7:36  Probe x2  
  97  7:37  Probe  
  97  7:38  Gateway  
  97  7:40  Gateway, Observer  
  97  7:43  Gateway  
  98  7:47  Protoss Ground Armor Level 2, Protoss Ground Weapons Level 2  
  98  7:48  Probe x2  
  98  7:49  Pylon  
  98  7:51  Stalker x3, Sentry  
  106  7:54  Probe  
  109  8:04  Probe x2  
  111  8:10  Probe  
  112  8:16  Probe  
  112  8:17  Assimilator  
  112  8:19  Warp Prism  
  115  8:21  Assimilator  
  115  8:28  Probe x3  
  118  8:39  Zealot  
  118  8:40  Zealot x3, Observer, Probe x2  
  128  8:53  Stalker x2, Templar Archives  
  132  8:56  Stalker  
  134  9:09  Stalker x2  
  138  9:10  Stalker  
  140  9:21  Psionic Storm  
  140  9:37  Nexus  
  140  9:39  Pylon  
  140  9:40  Pylon  
  122  10:03  Stalker  
  122  10:04  Stalker x7  
  122  10:05  Stalker  
  106  10:37  Zealot  
  106  10:38  Zealot x7  
  106  10:39  Zealot  
  90  10:57  Probe  
  90  10:58  Probe x2  
  90  10:59  Zealot x3  
  90  11:00  Zealot x3  
  99  11:14  Probe  
  99  11:17  Assimilator  
  100  11:21  Assimilator  
  100  11:24  High Templar  
  100  11:25  High Templar x6  
  108  11:26  High Templar x2  
  108  11:31  Observer, Immortal  
  122  11:33  Probe x2  
  122  11:34  Probe  
  125  11:41  Probe  
  126  12:00  Stalker  
  126  12:01  Stalker x5  
  130  12:02  Stalker x3  
  130  12:06  Probe x2  
  146  12:18  Robotics Facility  
  146  12:36  Nexus  
  146  12:37  Pylon  
  146  12:40  High Templar x4  
  146  12:41  Zealot x4  
  146  12:42  Zealot  
  164  12:44  Archon x2  
  162  13:09  Zealot  
  162  13:10  Zealot x4  
  154  13:27  Zealot x2  
  154  13:28  Zealot x2  
  130  13:55  Colossus x2  
  132  13:56  High Templar x2  
  132  13:57  High Templar x4  
  132  13:58  High Templar  
  132  13:59  Zealot x2  
  134  14:24  Protoss Ground Armor Level 3  
  128  14:25  Zealot x2  
  128  14:29  Zealot x5  
  128  14:30  Zealot x2  
  144  14:35  Protoss Shields Level 1  
  144  14:40  Probe x2  
  144  14:42  Assimilator  
  146  14:46  Assimilator  
  146  14:48  Disruptor  
  149  14:58  Disruptor  
  152  15:00  Zealot x6  
  152  15:01  Zealot x3  
  170  15:24  Stalker x2  
  170  15:25  Stalker x6  
  186  15:59  Colossus  
  192  16:12  Pylon  
  192  16:13  Pylon  
  192  16:44  Pylon  
  192  16:46  Pylon  
  192  16:47  Pylon  
  192  16:49  Pylon  
  192  16:52  Pylon  
  192  16:55  Colossus  
  198  17:14  Pylon  
  191  17:48  Zealot x4  
  197  17:56  Zealot x2  
  86  18:21  Zealot x5  
  86  18:22  Zealot  
Show
View Real Time Build Order
Export as new Build Order

MrFrozen Terran - Winner!

Build Orders: Reaper Expand 

Get SALT Encoding   

  12  0:00  SCV  
  13  0:13  SCV  
  14  0:19  Supply Depot  
  14  0:25  SCV  
  15  0:41  Barracks, SCV  
  16  0:46  Refinery  
  16  0:53  SCV  
  17  1:05  SCV  
  18  1:17  SCV  
  19  1:29  Reaper  
  19  1:31  Orbital Command  
  20  1:51  Command Center  
  20  1:57  SCV  
  20  2:01  Marine  
  21  2:07  Supply Depot  
  22  2:09  SCV  
  23  2:24  Factory  
  23  2:27  Barracks Reactor  
  23  2:29  SCV  
  24  2:30  Refinery  
  24  2:38  Bunker  
  24  2:41  SCV  
  25  2:50  Barracks  
  25  2:53  SCV  
  26  3:04  Marine  
  26  3:05  Marine  
  28  3:06  SCV  
  29  3:14  Factory Tech Lab  
  29  3:17  Orbital Command  
  29  3:19  SCV  
  30  3:23  Marine  
  30  3:24  Marine  
  32  3:38  SCV  
  32  3:40  Cyclone  
  32  3:41  Barracks Tech Lab  
  36  3:42  Supply Depot  
  36  3:43  SCV  
  37  3:50  Marine x2  
  37  3:51  SCV  
  37  3:55  SCV  
  41  4:00  Stimpack  
  41  4:01  Marauder  
  43  4:03  SCV  
  43  4:09  SCV  
  45  4:13  Widow Mine  
  45  4:14  Supply Depot  
  45  4:16  SCV  
  48  4:21  SCV, Engineering Bay  
  49  4:29  Marine x2, Marauder  
  53  4:31  SCV  
  53  4:36  SCV  
  55  4:41  Factory Reactor, Starport  
  55  4:46  SCV  
  55  4:48  SCV  
  55  4:49  Terran Infantry Weapons Level 1  
  57  4:55  Supply Depot  
  57  4:56  Marine, Marauder  
  61  5:00  SCV  
  61  5:05  Supply Depot  
  62  5:10  SCV  
  62  5:16  Refinery  
  62  5:17  SCV, Refinery  
  63  5:22  SCV  
  63  5:27  Command Center  
  64  5:30  Medivac  
  64  5:31  Medivac  
  64  5:33  Widow Mine  
  64  5:35  SCV  
  71  5:36  SCV  
  71  5:42  Armory  
  72  5:44  Supply Depot  
  72  5:47  SCV, Supply Depot  
  72  5:48  SCV  
  74  5:51  Marine x2  
  74  5:55  Marauder  
  78  6:05  Medivac, SCV  
  78  6:07  Supply Depot  
  78  6:10  Widow Mine  
  83  6:12  SCV  
  83  6:14  Marine x2  
  83  6:16  Marauder  
  83  6:17  SCV  
  89  6:21  Supply Depot  
  89  6:22  Concussive Shells  
  89  6:24  SCV  
  90  6:30  SCV, Supply Depot  
  91  6:39  Marine x2  
  92  6:40  Marauder  
  92  6:41  Medivac x2, Widow Mine  
  92  6:42  Orbital Command, Drilling Claws  
  92  6:44  Supply Depot  
  92  6:45  SCV  
  102  6:58  Marine x2  
  102  7:01  Marine  
  96  7:16  Marine x2  
  96  7:19  Marauder  
  96  7:21  Widow Mine  
  96  7:22  Viking x2  
  98  7:24  Terran Infantry Weapons Level 2  
  98  7:25  Terran Ship Weapons Level 1  
  98  7:27  Starport  
  98  7:30  Barracks x2  
  98  7:34  Orbital Command, SCV x2  
  100  7:42  Marine x2, Marauder  
  104  7:44  Refinery  
  104  7:48  Refinery  
  106  7:51  Widow Mine  
  106  7:53  Viking x2  
  106  7:55  SCV  
  106  7:56  SCV  
  112  8:01  SCV  
  112  8:02  Marine  
  112  8:04  Marauder  
  116  8:06  Starport Reactor  
  116  8:08  SCV x2  
  118  8:13  Ghost Academy, SCV  
  118  8:19  Barracks Tech Lab  
  119  8:20  Engineering Bay, SCV, Barracks Tech Lab  
  119  8:24  Command Center  
  119  8:25  SCV  
  119  8:26  SCV  
  122  8:32  SCV, Viking x2  
  127  8:37  SCV  
  127  8:38  SCV  
  127  8:40  Missile Turret  
  129  8:42  Marine x2  
  129  8:44  Ghost x2, Marauder  
  129  8:45  SCV  
  138  8:49  Supply Depot  
  138  8:52  Supply Depot  
  138  8:54  Supply Depot  
  138  8:57  Combat Shield  
  138  8:59  Terran Infantry Armor Level 1  
  138  9:01  Personal Cloaking, Viking  
  140  9:07  Marine  
  141  9:10  Viking x2  
  141  9:13  Supply Depot  
  145  9:17  Supply Depot  
  145  9:18  Viking  
  145  9:19  Supply Depot  
  145  9:22  Missile Turret  
  147  9:27  Missile Turret  
  147  9:29  Marauder x2  
  147  9:30  Missile Turret  
  150  9:37  Viking  
  150  9:38  Marine, Marauder  
  154  9:41  SCV x2  
  156  9:49  Marine  
  156  9:50  Marine, Marauder  
  159  9:59  Marauder  
  143  10:01  Marine  
  131  10:07  Marine  
  131  10:08  Marauder  
  131  10:11  Marauder  
  129  10:19  Marine  
  129  10:20  Medivac x2  
  129  10:21  Orbital Command, Marauder  
  135  10:23  Barracks  
  135  10:25  Barracks, Marine  
  135  10:26  Barracks  
  127  10:29  Marauder  
  119  10:39  Liberator x2  
  119  10:40  Liberator x2  
  103  10:55  SCV x2  
  103  11:00  Widow Mine  
  105  11:07  SCV x2  
  102  11:12  Barracks Tech Lab x2, Barracks Reactor  
  102  11:14  Orbital Command  
  102  11:21  Factory, Marine x2, Marauder, Widow Mine  
  102  11:25  Liberator  
  108  11:34  SCV x2  
  108  11:35  Marine  
  108  11:38  Marine  
  108  11:39  Marauder  
  114  11:46  Fusion Core  
  117  11:48  SCV x3  
  117  11:50  Starport Tech Lab  
  117  11:52  Marauder  
  117  11:54  Marine  
  123  12:00  SCV x2  
  125  12:03  Orbital Command  
  125  12:06  Ghost x2  
  125  12:08  Terran Infantry Weapons Level 3  
  129  12:11  SCV  
  129  12:12  SCV  
  129  12:14  Terran Infantry Armor Level 2  
  131  12:18  Widow Mine  
  131  12:20  Widow Mine  
  135  12:25  SCV x2  
  135  12:26  Liberator  
  137  12:30  SCV  
  137  12:35  Refinery  
  137  12:37  Marine x2  
  137  12:39  Barracks Reactor  
  137  12:41  Marauder  
  144  12:55  Marauder, Ghost  
  147  13:02  Ghost  
  141  13:16  Marine  
  142  13:23  Marine  
  143  13:28  Orbital Command  
  143  13:31  Marauder  
  144  13:34  Marine  
  145  13:41  Marine  
  143  13:51  Liberator x2  
  143  13:52  Liberator, Marine, Marauder  
  143  13:54  Marine x2  
  145  13:59  Marine  
  140  14:03  Orbital Command  
  149  14:10  Marauder  
  149  14:11  Widow Mine x2  
  149  14:12  SCV, Marine x2  
  149  14:14  Marauder  
  160  14:17  Marauder  
  160  14:19  SCV  
  160  14:20  SCV  
  164  14:26  SCV  
  164  14:30  Marine x2  
  167  14:32  SCV, Marauder  
  167  14:35  Marauder  
  167  14:37  SCV x2  
  174  14:38  SCV  
  174  14:40  Marine  
  174  14:44  SCV  
  174  14:45  Marine x2  
  181  14:46  Marauder x2  
  181  14:47  Barracks, Marine, Widow Mine x3  
  181  14:48  Barracks  
  181  14:49  Terran Infantry Armor Level 3  
  181  14:50  Terran Vehicle Weapons Level 1  
  190  14:53  Marine, Marauder  
  190  14:56  Marauder  
  190  14:58  Marine  
  196  15:01  Refinery  
  196  15:03  Marine x2  
  200  15:07  Marauder  
  199  15:38  Command Center  
  199  15:41  Command Center  
  193  15:58  Viking x2  
  197  16:09  Marine  
  192  16:13  Marine x2  
  192  16:14  Marine, Marauder  
  192  16:15  Marauder  
  192  16:16  Marine  
  192  16:17  Marine  
  200  16:23  Marine  
  200  16:52  Starport  
  200  16:54  Factory  
  199  17:13  Marine  
  199  17:42  Marine x2  
  199  17:46  Viking x3  
Tags
 
Add a new tag
Caveats
  • Supply blocks, unpowered buildings, or Contaminate may cause inaccurate times.
  • Supply counts are checked every 10 seconds.